AoeStats
← Yougotmeeshed

Arabia

508305672Analyzed
3v3 RM · 10d ago on Sep 21, 2026· 48m 25s· 6 players
Game mode
Random Map
Map size
Normal (6 player)
Population
200
Speed
Normal
Resources
Standard
Victory
Conquest
Starting age
Dark Age
Ending age
Imperial Age
RankedLock teamsTeams togetherTeam positionsShared explorationLock speedFull tech treeHidden civsTurbo modeCheats
Victory
Defeat
🇳🇴 Ethiopians · Norway
1497
+16
🇬🇧 Franks · United Kingdom
1478
+17
🇺🇸 Britons · United States
1317
+23
🇦🇷 Maya · Argentina
1529
-20
🇦🇷 Gurjaras · Argentina
1499
-19
🇲🇽 Britons · Mexico
1437
-17
Meesh
6:52 Loom
9:01 Feudal Age
10:02 Double-Bit Axe
16:33 Fletching
18:34 Padded Archer Armor
19:55 Town Watch
23:10 Castle Age
22:04 Horse Collar
23:48 Wheelbarrow
23:18 Gold Mining
23:13 Crossbowman
24:04 Bodkin Arrow
24:20 Bow Saw
24:46 Leather Archer Armor
26:39 Ballistics
28:58 Wheelbarrow
28:26 Heavy Plow
36:37 Elite Skirmisher
42:27 Imperial Age
41:22 Gold Shaft Mining
43:11 Bracer
42:32 Arbalester
42:38 Arbalester
44:27 Ring Archer Armor
44:35 Capped Ram
47:25 Chemistry
47:55 Hand Cart
meeshgratorpro
5:35 Loom
8:52 Feudal Age
9:31 Double-Bit Axe
16:35 Scale Barding Armor
17:53 Forging
24:09 Castle Age
27:00 Husbandry
28:10 Gold Mining
29:35 Bow Saw
34:51 Chain Barding Armor
36:52 Wheelbarrow
43:52 Light Cavalry
49:55 Imperial Age
48:11 Hand Cart
47:41 Town Watch
Yougotmeeshed
3:41 Loom
11:48 Feudal Age
12:55 Double-Bit Axe
15:49 Padded Archer Armor
17:20 Fletching
18:06 Horse Collar
25:07 Castle Age
23:12 Gold Mining
25:11 Crossbowman
25:47 Bodkin Arrow
27:22 Ballistics
27:40 Bow Saw
29:58 Thumb Ring
30:59 Leather Archer Armor
32:25 Wheelbarrow
36:19 Imperial Age
35:15 Town Watch
37:02 Bracer
38:14 Chemistry
39:57 Arbalester
43:44 Elite Skirmisher
45:09 Ring Archer Armor
48:42 Heavy Plow
Cyndaquil
8:27 Feudal Age
8:37 Loom
8:57 Double-Bit Axe
14:16 Town Watch
14:18 Horse Collar
16:43 Scale Barding Armor
18:51 Forging
22:47 Wheelbarrow
24:32 Bloodlines
27:38 Castle Age
26:22 Gold Mining
27:40 Light Cavalry
28:41 Chain Barding Armor
29:03 Iron Casting
31:24 Bow Saw
31:17 Heavy Plow
AnuBis Killer
4:35 Loom
9:34 Feudal Age
11:59 Fletching
13:29 Padded Archer Armor
18:15 Double-Bit Axe
20:31 Wheelbarrow
19:51 Horse Collar
24:31 Castle Age
24:35 Crossbowman
25:11 Bodkin Arrow
25:32 Leather Archer Armor
26:43 Ballistics
27:38 Gold Mining
28:29 Bow Saw
30:14 Heavy Plow
42:33 Imperial Age
Francisco Pizarron
0:25 Loom
9:18 Feudal Age
11:53 Double-Bit Axe
14:05 Fletching
15:13 Horse Collar
17:00 Padded Archer Armor
21:41 Wheelbarrow
24:35 Castle Age
24:39 Crossbowman
25:15 Bodkin Arrow
27:29 Bow Saw
27:19 Heavy Plow
27:23 Gold Mining
28:56 Ballistics
31:53 Hand Cart
33:36 Leather Archer Armor
38:56 Imperial Age
39:39 Bracer
40:41 Chemistry
40:03 Arbalester
40:54 Thumb Ring
42:19 Capped Ram
Connection lost

Rejoining the realm…

Still unreachable

The connection could not be restored.

Session expired

The server has moved on; the page needs a fresh start.